 Dungeon Crawl Stone Soup version 0.25.0-9-g26727b657a (webtiles) character file.

Game seed: 4123685679771253170

332 Martska the Charmwright (level 6, -2/47 HPs)
             Began as a Human Skald on June 17, 2020.
             Slain by Menkaure (10 damage)
             ... on level 4 of the Dungeon.
             The game lasted 00:11:33 (4837 turns).

Martska the Charmwright (Human Skald)               Turns: 4837, Time: 00:11:33

Health: -2/47      AC:  4    Str: 13    XL:     6   Next: 82%
Magic:  7/9        EV: 10    Int: 14    God:
Gold:   186        SH:  7    Dex: 12    Spells: 3/9 levels left

rFire    . . .     SeeInvis .   a - +0 falchion
rCold    . . .     Gourm    .   q - +0 kite shield
rNeg     . . .     Faith    .   b - +0 leather armour
rPois    +         Spirit   .   (no helmet)
rElec    .         Reflect  .   v - +0 cloak
rCorr    .         Harm     .   (no gloves)
MR       .....                  (no boots)
Stlth    +.........             h - amulet of regeneration
HPRegen  0.55/turn              c - ring of poison resistance
MPRegen  0.11/turn              (no ring)

@: infused
A: no striking features
a: no special abilities


You were on level 4 of the Dungeon.
You were not hungry.

You visited 1 branch of the dungeon, and saw 5 of its levels.

You collected 186 gold pieces.

Inventory:

Hand Weapons
 a - a +0 falchion (weapon)
Armour
 b - a +0 leather armour (worn)
 o - a +2 robe of cold resistance
 q - a +0 kite shield (worn)
 v - a +0 cloak (worn)
Magical Staves
 p - an uncursed staff of summoning
Jewellery
 c - a ring of poison resistance (left hand)
 h - an amulet of regeneration (around neck)
Wands
 e - a wand of disintegration (11)
Scrolls
 g - a scroll of immolation {unknown}
 r - a scroll of amnesia
 t - 3 scrolls of enchant weapon {unknown}
 u - a scroll of fog {unknown}
Potions
 f - a potion of curing
 i - a potion of mutation {unknown}
 j - 2 potions of cancellation {unknown}
 k - a potion of resistance {unknown}
 l - a potion of berserk rage {unknown}
 m - a potion of haste {unknown}
 n - 2 potions of lignification {unknown}
 s - a potion of flight {unknown}
Comestibles
 d - 9 rations


   Skills:
 * Level 3.4 Fighting
 * Level 3.4 Long Blades
 - Level 1.0 Armour
 * Level 3.4 Dodging
 * Level 0.4 Shields
 - Level 2.0 Spellcasting
 * Level 2.1 Hexes
 + Level 4.2 Charms
 * Level 0.1 Translocations


You had 3 spell levels left.
You knew the following spells:

 Your Spells              Type           Power        Failure   Level  Hunger
a - Infusion              Chrm           ##..         34%         1    ##.....
b - Spectral Weapon       Hex/Chrm       ##......     85%         3    ####...
c - Shroud of Golubria    Chrm/Tloc      #.....       77%         2    ###....

Your spell library contained the following spells:

 Spells                   Type           Power        Failure   Level  Hunger
 Song of Slaying          Chrm           ##......     47%         2    ###....
 Ozocubu's Armour         Chrm/Ice       #.......     94%         3    ####...


Dungeon Overview and Level Annotations

Branches:
Dungeon (5/15)
 Temple: D:4-7

Altars:
Kikubaaqudgha
Makhleb
Wu Jian
Xom
Zin

Annotations:
D:4 Menkaure


Message History

There is a stone staircase leading down here.
Casting: Infusion (safe; 34% risk of failure)
Confirm with . or Enter, or press ? or * to list all spells.
You begin infusing your attacks with magical energy.
You block Menkaure's attack. Menkaure closely misses you.
You riposte.
You hit Menkaure.
Menkaure is lightly damaged.
You barely miss Menkaure.
Menkaure is lightly damaged.
You block Menkaure's attack.
You closely miss Menkaure.
Menkaure is lightly damaged.
Menkaure hits you!!
* * * LOW HITPOINT WARNING * * *
Menkaure closely misses you.
As you read the scroll labeled WAATTIX RIUJA, it crumbles to dust.
It is a scroll of amnesia.
Okay, then.
Menkaure hits you!
You die...

##### ##...# ##..#.. #_.#..#
########..#. #.....##...# #
#########......##### ##########
#..@....#.......# #
.........#######M###.........####
########.#..####..####...........
##.............##.####........##.
...#####.#####......##)......###.
#### #......##....##..........#
..# ######.#####..........##.#
#.## #.## #..#.#..#####.# ...##
#..# ##......## #..


You could see Menkaure (fast).

Vanquished Creatures
  A water moccasin (D:4)
  2 hounds (D:4)
  A worker ant (D:4)
  6 adders
  An ooze (D:3)
  2 adder skeletons
  5 worms
  2 dart slugs
  3 leopard geckos
  An orc (D:3)
  A bat (D:1)
  2 giant cockroaches
  4 goblins
  2 hobgoblins (D:3)
  6 jackals
  10 kobolds
  2 quokkas
  A ball python (D:4)
  5 frilled lizards
  9 rats
66 creatures vanquished.

Notes
Turn   | Place    | Note
-------+----------+-------------------------------------------
     0 | D:1      | Martska the Human Skald began the quest for the Orb.
     0 | D:1      | Reached XP level 1. HP: 16/16 MP: 3/3
   199 | D:1      | Reached XP level 2. HP: 22/22 MP: 1/5
   871 | D:2      | Found a burning altar of Makhleb.
   874 | D:2      | Noticed a green death
   902 | D:2      | Found a glowing silver altar of Zin.
   903 | D:2      | Noticed an angel
  1051 | D:2      | Reached XP level 3. HP: 27/27 MP: 6/6
  1287 | D:2      | Learned a level 3 spell: Spectral Weapon
  1354 | D:2      | Found an ancient bone altar of Kikubaaqudgha.
  2265 | D:3      | Reached XP level 4. HP: 32/34 MP: 7/7
  3064 | D:3      | Reached skill level 1 in Hexes
  3064 | D:3      | Reached XP level 5. HP: 37/40 MP: 3/8
  3187 | D:4      | Found a shimmering altar of Xom.
  3211 | D:4      | Noticed a water moccasin
  3236 | D:4      | Killed a water moccasin
  3236 | D:4      | Reached XP level 6. HP: 28/47 MP: 9/9
  3653 | D:4      | Reached skill level 4 in Charms
  3948 | D:4      | Learned a level 2 spell: Shroud of Golubria
  4559 | D:4      | Found an ornate altar of the Wu Jian Council.
  4819 | D:5      | Entered Level 5 of the Dungeon
  4825 | D:5      | Noticed Menkaure
  4837 | D:4      | Slain by Menkaure

Illustrated notes

Levels and vault maps discovered:
D:1:      matt_arrival_los_fun, layout_rooms, minmay_tetromino_t2
D:2:      layout_basic, grunt_temple_overflow_order_and_chaos_2,
          lemuel_doored_altar, first_ration, minmay_misc_feat_more_columns,
          grunt_decor_resistance, st_stairs_13
D:3:      layout_loops_ring
D:4:      layout_rooms, xom_butterflies, marbit_many_paths
D:5:      layout_basic, serial_shops, shop, st_stairs_8,
          hangedman_abyss_or_decor_stagger, uniq_grinder, uniq_menkaure,
          uniq_eustachio

Skill      XL: |  1  2  3  4  5  6 |
---------------+-------------------+-----
Hexes          | 1 2 |  2.1
Fighting       | 3 |  3.4
Long Blades    | 3 |  3.4
Dodging        | 3 |  3.4
Charms         | 4 |  4.2
Armour         | |  1.0
Shields        | |  0.4
Spellcasting   | |  2.0
Translocations | |  0.1

Action                   |  1- 3 |  4- 6 || total
-------------------------+-------+-------++-------
Melee: Falchion          |    98 |   145 ||   243
 Cast: Infusion          |     5 |     6 ||    11
  Use: Potion            |     1 |     6 ||     7
       Scroll            |       |     4 ||     4
 Stab: Sleeping          |     1 |       ||     1
  Eat: Chunk             |     4 |     5 ||     9
       Ration            |       |     1 ||     1
Armor: Leather armour    |    17 |    31 ||    48
Dodge: Dodged            |    71 |   101 ||   172
Block: Kite shield       |       |    11 ||    11
       Rpst.: Falchion   |    12 |    32 ||    44
